cohdb
Replays
Latest Replays
All Replays
Popular Replays
Top Player Replays
Match Explorer
How It Works
Community
CoH3 Stats
Reddit
Sign in to upload your games and track your stats! →
Sign in with Steam
Match 45130536
Unlisted
Match 45130536
Overview
Messages
Build Orders
End
Construct Infanterie Kompanie
Pioneer Squad
Selects Mechanized Battlegroup
Selects Mechanized Battlegroup
MG 42 Machine Gun Team
Grenadier Squad
Grenadier Squad
Infanterie Officer Quarters
Construct Panzergrenadier Kompanie
Pak 40 Anti-tank Gun Team
251 Medium Carrier
Selects Raid Package
Medical Station
Panzergrenadier Squad
Selects Mobile Repair Stations
Support Elements
StuG III G Assault Gun
Selects 8 Rad Armored Car
Nebelwerfer 42 Rocket Launcher Team
8 Rad Armored Car
Panzergrenadier Squad
Pioneer Squad
Panzergrenadier Officer Quarters
Selects Wespe Self-propelled Artillery
StuG III G Assault Gun
MeGBill
GEORGE LITTLEHOOF
AUS Potato
Basecoh3 @ Youtube
0
0
Comments
sign in to comment!
No comments posted yet!